 Dungeon Crawl Stone Soup version 0.23-a0-301-g9da9e51 (webtiles) character file.

108 Amnesiac the Digger (level 4, -4/39 HPs)
             Began as a Troll Earth Elementalist on Oct 7, 2018.
             Killed from afar by an orc wizard (6 damage)
             ... with a puff of flame
             ... on level 5 of the Dungeon.
             The game lasted 00:02:39 (958 turns).

Amnesiac the Digger (Troll Earth Elementalist)       Turns: 958, Time: 00:02:39

Health: -4/39      AC:  5    Str: 16    XL:     4   Next: 58%
Magic:  5/6        EV: 10    Int: 12    God:
Gold:   109        SH:  0    Dex: 10    Spells: 4/7 levels left

rFire    . . .     SeeInvis .   (no weapon)
rCold    . . .     Gourm    +   (no shield)
rNeg     . . .     Faith    .   c - +0 robe
rPois    .         Spirit   .   (helmet restricted)
rElec    .         Reflect  .   (no cloak)
rCorr    .         Harm     .   (gloves unavailable)
MR       .....                  (boots unavailable)
Stlth    +.........             (no amulet)
HPRegen  0.53/turn              (no ring)
MPRegen  0.10/turn              (no ring)

@: no status effects
A: large, unfitting armour, claws 3, fast metabolism 3, gourmand, regeneration
1, shaggy fur 1, tough skin 2
a: no special abilities


You were on level 5 of the Dungeon.
You were very full.

You visited 1 branch of the dungeon, and saw 5 of its levels.

You collected 109 gold pieces.

Inventory:

Missiles
 b - 100 stones (quivered)
Armour
 c - a +0 robe (worn)
 f - a scarf of repulsion
Jewellery
 h - an uncursed ring of protection from cold {unknown}
Wands
 k - a wand of polymorph (14)
Scrolls
 e - a scroll of magic mapping {!r, unknown}
 i - a scroll of identify {!r, unknown}
 j - a scroll of remove curse {!r, unknown}
 l - a scroll of enchant armour {!r, unknown}
Potions
 a - a potion of flight {!q, unknown}
Comestibles
 d - 4 rations
 g - 3 chunks of flesh


   Skills:
 - Level 1.5 Dodging
 - Level 1.0 Stealth
 + Level 2.0 Spellcasting
 - Level 0.6 Transmutations
 * Level 4.2 Earth Magic


You had 4 spell levels left.
You knew the following spells:

 Your Spells              Type           Power        Failure   Level  Hunger
a - Sandblast             Erth           ##....       4%          1    ##.....
b - Passwall              Tmut/Erth      #.......     16%         2    ###....

Your spell library contained the following spells:

 Spells                   Type           Power        Failure   Level  Hunger
 Stone Arrow              Conj/Erth      #.....       34%         3    ####...
 Petrify                  Tmut/Erth      #.......     69%         4    #####..
 Lee's Rapid Deconstruct  Erth           ##........   78%         5    ######.


Dungeon Overview and Level Annotations

Branches:
Dungeon (5/15)
 Temple: D:4-7

Altars:


Innate Abilities, Weirdness & Mutations

You are too large for most types of armour.
You have claws for hands.
Your metabolism is lightning-fast.
You like to eat raw meat.
Your natural rate of healing is unusually fast.
You are covered in fur. (AC +1)
You have very tough skin. (AC +2)


Message History

The bullfrog zombie barely misses you. The adder zombie closely misses you.
The bullfrog zombie hits you.
* * * LOW HITPOINT WARNING * * *
The orc closely misses you.
You barely miss the bullfrog zombie.
The bullfrog zombie is lightly damaged.
The adder zombie barely misses you.
The bullfrog zombie completely misses you.
The orc barely misses you.
You claw the bullfrog zombie!
The bullfrog zombie is moderately damaged.
The bullfrog zombie hits you but does no damage.
The adder zombie bites you.
* * * LOW HITPOINT WARNING * * *
You completely miss the bullfrog zombie.
The bullfrog zombie is moderately damaged.
The bullfrog zombie barely misses you. The orc hits you with a hand axe.
* * * LOW HITPOINT WARNING * * *
The adder zombie bites you.
* * * LOW HITPOINT WARNING * * *
The bullfrog zombie hits you.
* * * LOW HITPOINT WARNING * * *
You scratch the bullfrog zombie.
The bullfrog zombie is heavily damaged.
The orc wizard casts a spell.
The orc wizard flickers and vanishes!
Deactivating autopickup; reactivate with Ctrl-A.
The adder zombie bites you but does no damage.
The orc hits you with a hand axe.
* * * LOW HITPOINT WARNING * * *
The bullfrog zombie hits you but does no damage.
The adder zombie bites you but does no damage.
You scratch the bullfrog zombie.
The bullfrog zombie is severely damaged.
The bullfrog zombie hits you.
* * * LOW HITPOINT WARNING * * *
The adder zombie bites you but does no damage.
You scratch the bullfrog zombie.
The bullfrog zombie is severely damaged.
The bullfrog zombie hits you.
* * * LOW HITPOINT WARNING * * *
Something hits you but does no damage.
The adder zombie bites you but does no damage.
The bullfrog zombie barely misses you.
You scratch the bullfrog zombie.
The bullfrog zombie is severely damaged.
Something hits you but does no damage. The bullfrog zombie hits you.
* * * LOW HITPOINT WARNING * * *
The adder zombie bites you.
* * * LOW HITPOINT WARNING * * *
The orc wizard casts a spell.
The orc wizard blinks!
Something hits you but does no damage.
You claw the bullfrog zombie!
The bullfrog zombie is almost destroyed.
The bullfrog zombie hits you but does no damage.
Something hits you but does no damage. The adder zombie bites you.
* * * LOW HITPOINT WARNING * * *
You scratch the bullfrog zombie.
You destroy the bullfrog zombie!
Your Spellcasting skill increases to level 2!
You hear some strange, mumbled words.
A puff of flame appears from out of thin air!
The puff of flame hits you!
You die... ...# .. ...# .. # #..# o# #. .Z.## .# ..##... .# ..ooo

##.# ..#o.####### #o.#
....<........o#{########
.............ZoZ@.......
<....$....####.####....#
..........# #.. =.#
.............?# #
.....>........
#..#########.# ... #.


You could see an orc wizard, 2 orcs, an adder zombie and a hound skeleton.

Vanquished Creatures
  A bullfrog zombie (D:5)
  Terence (D:3)
  2 adders
  A worm (D:3)
  A dart slug (D:3)
  2 giant cockroaches
  3 goblins
  2 hobgoblins
  3 jackals (D:3)
  A ball python (D:4)
  3 bats
  2 frilled lizards
  4 kobolds
  2 rats
28 creatures vanquished.

Notes
Turn   | Place    | Note
-------+----------+-------------------------------------------
     0 | D:1      | Amnesiac the Troll Earth Elementalist began the quest for
                  | the Orb.
     0 | D:1      | Reached XP level 1. HP: 16/16 MP: 1/1
   134 | D:2      | Reached skill level 3 in Earth Magic
   134 | D:2      | Reached XP level 2. HP: 24/24 MP: 0/3
   138 | D:2      | Learned a level 2 spell: Passwall
   402 | D:3      | Noticed Terence
   415 | D:3      | Killed Terence
   415 | D:3      | Reached XP level 3. HP: 19/31 MP: 4/4
   685 | D:4      | Reached skill level 4 in Earth Magic
   685 | D:4      | Reached XP level 4. HP: 35/39 MP: 5/5
   936 | D:5      | Entered Level 5 of the Dungeon
   936 | D:5      | Noticed an orc warrior
   957 | D:5      | HP: 1/39 [adder zombie (1)]
   958 | D:5      | Killed from afar by an orc wizard

Vault maps used:
D:1:      shiori_arrival_maze, ashenzari_altar_1
D:2:      cheibrodos_old_hovel, first_ration
D:3:      uniq_terence
D:5:      old_standard_altar, gup_ossuary_entry_pyramid, supply_closet_lemuel,
          roderic_batcave

Skill      XL: |  1  2  3  4 |
---------------+-------------+-----
Earth Magic    | 3 4 |  4.2
Spellcasting   | 2 |  2.0
Dodging        | |  1.5
Stealth        | |  1.0
Transmutations | |  0.6

Action                   |  1- 3 |  4- 6 || total
-------------------------+-------+-------++-------
Melee: Unarmed           |    83 |    14 ||    97
 Cast: Sandblast         |     1 |       ||     1
 Stab: Sleeping          |     1 |     1 ||     2
  Eat: Chunk             |    12 |     2 ||    14
Armor: Robe              |    30 |    15 ||    45
Dodge: Dodged            |    44 |    10 ||    54

Table legend:
 A = Non-vault XP
 B = Vault XP
 C = Vault XP percentage of total XP
 D = Non-vault monster count
 E = Vault monster count
 F = Vault count percentage of total count
                 A         B        C        D         E       F
            +---------+---------+-------+---------+---------+-------
      Total |     117 |      38 |  24.5 |      27 |       1 |   3.6
            +---------+---------+-------+---------+---------+-------
        D:2 |      23 |       0 |   0.0 |       9 |       0 |   0.0
        D:3 |      31 |      38 |  55.1 |      14 |       1 |   6.7
        D:4 |      16 |       0 |   0.0 |       3 |       0 |   0.0
        D:5 |      47 |       0 |   0.0 |       1 |       0 |   0.0
            +---------+---------+-------+---------+---------+-------
